 Dungeon Crawl Stone Soup version 0.18-a0-1027-g814d7dd (webtiles) character file.

455 tof the Shield-Bearer (level 7, 0/55 HPs)
             Began as a Formicid Fighter on Jan 8, 2016.
             Was a Priest of Cheibriados.
             Succumbed to an orc wizard's poison
             ... on level 4 of the Dungeon.
             The game lasted 00:10:03 (3293 turns).

tof the Shield-Bearer (Formicid Fighter)            Turns: 3293, Time: 00:10:03

Health: 0/55       AC: 13    Str: 28    XL:     7   Next: 26%
Magic:  7/7        EV: 10    Int: 14    God:    Cheibriados [***...]
Gold:   163        SH: 12    Dex: 19    Spells: 0 memorised, 6 levels left

rFire  . . .     SeeInvis +     u - +2 whip (drain)
rCold  . . .     Gourm    .     b - +0 scale mail
rNeg   . . .     Faith    +     c - +1 shield
rPois  .         Spirit   .     (helmet unavailable)
rElec  .         Dismiss  .     (no cloak)
rCorr  .         Reflect  .     (no gloves)
SustAt .         Harm     .     (no boots)
MR     .....                    w - amulet of faith
Stlth  ..........               v - ring of loudness (curse)
                                r - +6 ring of protection

@: lethally poisoned (0 -> -5), very slow, not resistant to hostile
enchantments, extremely unstealthy
A: permanent stasis, dig shafts and tunnels, four strong arms, antennae 3
a: Dig, Shaft Self, Bend Time, Temporal Distortion, Renounce Religion


You were on level 4 of the Dungeon.
You worshipped Cheibriados.
Cheibriados was most pleased with you.
You were not hungry.

You visited 1 branch of the dungeon, and saw 4 of its levels.

You collected 163 gold pieces.

Inventory:

Hand Weapons
 a - a +0 flail
 u - a +2 whip of draining (weapon)
Armour
 b - a +0 scale mail (worn)
 c - a +1 shield (worn)
Jewellery
 r - a +6 ring of protection (left hand)
 v - a cursed ring of loudness (right hand)
 w - an amulet of faith (around neck)
Wands
 j - a wand of frost (26/48)
 q - a wand of slowing (23/48)
Scrolls
 h - a scroll of immolation {unknown}
 m - 3 scrolls of identify
Potions
 d - a potion of might
 e - a potion of degeneration {unknown}
 g - 2 potions of heal wounds {unknown}
 i - 2 potions of curing {unknown}
 n - a potion of mutation {unknown}
 o - a potion of brilliance {unknown}
 s - a potion of cure mutation {unknown}
 t - a potion of agility
Comestibles
 f - 6 bread rations
 k - a beef jerky
 l - a chunk of flesh


   Skills:
 + Level 4.7 Fighting
 + Level 4.1 Maces & Flails
 + Level 5.0 Armour
 - Level 1.4 Dodging
 - Level 0.3 Stealth
 + Level 5.3 Shields


You had 6 spell levels left.
You didn't know any spells.

Dungeon Overview and Level Annotations

Branches:
Dungeon (4/15)
 Temple: D:4-7

Altars:
Ashenzari
Cheibriados
Gozag
Kikubaaqudgha
Okawaru
Ru
Sif Muna
Trog
Zin


Innate Abilities, Weirdness & Mutations

You are under a permanent stasis effect.
You can dig through walls and to a lower floor.
Your four strong arms can wield two-handed weapons with a shield.
You have a pair of large antennae on your head (SInv).


Message History

You block the orc priest's attack.
The orc priest miscasts a cantrip.
You closely miss the orc priest.
The orc priest is almost dead.
You feel sick. You block the orc priest's attack.
The orc priest closely misses you.
You hit the orc priest.
You kill the orc priest!
Cheibriados appreciates the change of pace.
Cheibriados raises the support of your attributes as your movement slows.
Your Armour skill increases to level 5!
You feel sick. You block the orc priest's attack.
You hit the orc priest.
The orc priest is lightly wounded.
The orc priest mumbles some strange prayers to Beogh against you.
Something smites you!
* * * LOW HITPOINT WARNING * * *
You whack the orc priest!
The orc priest is severely wounded.
You die...

# #.# #......##รท#.###... # #.#
#....(.##.#...#...
####.###########......##.###.#...
...................{..##.........
##########......###.########.##.#
##..###..##...?.# #.######.......
#.##.##.###.....# #........#.##.#
_#.##.##.#......#######.####.# ..
###.##.##.#.....@o......# #.# .#
#..###..##....)#######.# #.# .#
##########......# #.# #.#
'....'......?...# #.# #.#
#....###........# ... .#
<)...+..........# #.#
#....######.##### ..# #....# #.#
{ #....# #.#


You could see an orc priest.

Vanquished Creatures
  An ogre (D:4)
  A centaur (D:4)
  2 orc priests (D:4)
  A hound (D:4)
  An orc wizard (D:4)
  A gnoll (D:1)
  3 adders
  2 oozes
  2 worms
  3 giant geckos
  11 orcs
  6 giant cockroaches
  9 goblins
  16 hobgoblins
  15 jackals
  6 kobolds
  10 bats
  A giant gecko skeleton (D:4)
  10 giant newts
  9 rats
110 creatures vanquished.

Notes
Turn   | Place    | Note
--------------------------------------------------------------
     0 | D:1      | tof the Formicid Fighter began the quest for the Orb.
     0 | D:1      | Reached XP level 1. HP: 18/18 MP: 1/1
   102 | D:1      | Reached XP level 2. HP: 24/24 MP: 2/2
   121 | D:1      | Reached skill level 4 in Shields
   279 | D:1      | Reached XP level 3. HP: 25/29 MP: 3/3
   775 | D:1      | Reached XP level 4. HP: 36/36 MP: 4/4
  1308 | D:2      | Found a shattered altar of Ashenzari.
  1381 | D:2      | Found a snail-covered altar of Cheibriados.
  1400 | D:2      | Became a worshipper of Cheibriados the Contemplative
  1514 | D:2      | Found a deep blue altar of Sif Muna.
  1543 | D:2      | Reached skill level 1 in Dodging
  1601 | D:2      | Found an ancient bone altar of Kikubaaqudgha.
  1631 | D:2      | Reached * piety under Cheibriados
  1652 | D:2      | Found an iron altar of Okawaru.
  1843 | D:3      | Reached XP level 5. HP: 39/42 MP: 5/5
  1986 | D:3      | Reached ** piety under Cheibriados
  2292 | D:4      | Noticed an ogre
  2303 | D:4      | Killed an ogre
  2303 | D:4      | Reached XP level 6. HP: 48/48 MP: 6/6
  2369 | D:4      | Reached skill level 5 in Shields
  2891 | D:4      | Reached XP level 7. HP: 53/55 MP: 7/7
  2907 | D:4      | Found a sacrificial altar of Ru.
  2924 | D:4      | Found an opulent altar of Gozag.
  2971 | D:4      | Reached *** piety under Cheibriados
  3145 | D:4      | Found a glowing silver altar of Zin.
  3220 | D:4      | Found a bloodstained altar of Trog.
  3291 | D:4      | Reached skill level 5 in Armour
  3292 | D:4      | HP: 1/55 [orc priest/divine providence (16)]
  3293 | D:4      | Succumbed to an orc wizard's poison

Vault maps used:
D:1:      dpeg_arrival_water_temple_mockup, minmay_statues_item,
          serial_bayou_pond_d, minmay_vboxes
D:2:      ashenzari_altar_1, lemuel_coloured_pillars_altar, led_sif_pool,
          cheibriados_altar_wand_db, lemuel_crystal_altar, minmay_newt_pond
D:3:      first_bread
D:4:      old_standard_altar, grunt_gozag_breadcrumbs, marbit_many_paths,
          nicolae_ru_awakened_eye, serial_bayou_lake_a

Action                   |  1- 3 |  4- 6 |  7- 9 || total
-------------------------+-------+-------+-------++-------
Melee: Flail             |    88 |   127 |       ||   215
       Whip              |       |    87 |    40 ||   127
 Abil: Dig               |       |     1 |       ||     1
  Use: Scroll            |       |     8 |       ||     8
  Eat: Chunk             |       |     5 |     1 ||     6
